 Dungeon Crawl Stone Soup version 0.31-a0-1074-g0b22e4e0f1 (webtiles) character file.

Game seed: 13899781773897224453

306 Fodor the Covered (level 6, -1/52 HPs)
             Began as a Minotaur Fighter on Dec 3, 2023.
             Slain by Menkaure (15 damage)
             ... on level 4 of the Dungeon.
             The game lasted 00:11:52 (2703 turns).

Fodor the Covered (Minotaur Fighter)                Turns: 2703, Time: 00:11:53

Health: -1/52      AC:  9    Str: 23    XL:     6   Next: 16%
Magic:  5/5        EV:  5    Int:  5    God:
Gold:   226        SH:  4    Dex:  9    Spells: 5/5 levels left

rFire   . . .        a - +0 war axe
rCold   . . .        c - +0 buckler
rNeg    . . .        j - +0 chain mail
rPois   .            (helmet currently unavailable)
rElec   .            (cloak currently unavailable)
rCorr   .            (gloves currently unavailable)
SInv    .            (boots currently unavailable)
Will    .....        (no amulet) Stlth
                     (no ring)
HPRegen 0.28/turn    (no ring)
MPRegen 0.09/turn

%: no passive effects
@: beast-form, constricted
A: beast (slay +0), horns 2, retaliatory headbutt
a: Begin Untransformation


You were on level 4 of the Dungeon.
You were a hulking beast.
You visited 1 branch of the dungeon, and saw 4 of its levels.

You collected 226 gold pieces.

Inventory:

Hand Weapons
 a - a +0 war axe (weapon)
Missiles
 f - 6 javelins (quivered)
Armour
 c - a +0 buckler (worn)
 j - a +0 chain mail (worn)
Jewellery
 o - a ring of wizardry
Talismans
 b - a beast talisman (active)
Scrolls
 e - 2 scrolls of teleportation {unknown}
 g - a scroll of noise {unknown}
 k - 3 scrolls of identify {unknown}
 l - 3 scrolls of revelation {unknown}
 m - a scroll of enchant armour {unknown}
 p - a scroll of amnesia {unknown}
Potions
 d - 2 potions of might
 h - a potion of heal wounds
 i - a potion of enlightenment {unknown}
 n - a potion of attraction {unknown}
 q - a potion of haste {unknown}


   Skills:
 + Level 4.2 Fighting
 + Level 4.9 Axes
 + Level 5.4 Armour
 + Level 1.3 Dodging
 + Level 0.1 Stealth
 + Level 4.6 Shields
 + Level 1.0 Shapeshifting


You had 5 spell levels left.
You didn't know any spells.
Your spell library contained the following spells:

 Spells                   Type           Power      Damage    Failure   Level
 Lesser Beckoning         Tloc           0%         N/A       99%         2
 Gell's Gravitas          Tloc           0%         N/A       100%        3
 Teleport Other           Tloc           0%         N/A       100%        3


Dungeon Overview and Level Annotations

Branches:
Dungeon (4/15)
 Temple: D:4-7

Altars:

Shops:
D:1 *

Annotations:
D:4 Menkaure, Natasha


Innate Abilities, Weirdness & Mutations

You are a hulking beast.
Your limbs bulge with bestial killing power. (Slay +0)
You have a pair of horns on your head.
You reflexively headbutt those who attack you in melee.


Message History

Natasha mumbles some strange words.
There is an open door here.
A ball python comes into view.
Menkaure hits you! The cerulean imp completely misses you.
You barely miss Menkaure. You barely miss Natasha.
Natasha hisses.
Natasha claws you but does no damage. Menkaure barely misses you.
The cerulean imp hits you but does no damage.
Natasha casts a spell.
Menkaure hits you!!
You hit Menkaure.
Menkaure is moderately damaged.
You closely miss Natasha. You miss the cerulean imp.
You block the cerulean imp's attack. Natasha claws you but does no damage.
You block the cerulean imp's attack. Menkaure hits you!
* * * LOW HITPOINT WARNING * * *
You hit Menkaure but do no damage.
Menkaure is moderately damaged.
You hit Natasha but do no damage. You barely miss the cerulean imp.
You block the cerulean imp's attack. Natasha barely misses you.
The cerulean imp hits you but does no damage. x2
Menkaure hits you.
* * * LOW HITPOINT WARNING * * *
It was a potion of heal wounds.
You feel much better.
The ball python bites you but does no damage.
The ball python barely misses you.
Natasha hisses.
Natasha claws you.
The cerulean imp hits you but does no damage.
The cerulean imp hits you from afar with a +2 spear.
Menkaure calls on the powers of darkness!
Natasha convulses!
Your body is wracked with pain!
* * * LOW HITPOINT WARNING * * *
The ball python convulses!
Natasha claws you but does no damage.
The cerulean imp hits you but does no damage. x2
The ball python attacks as it pursues you!
The ball python bites you but does no damage.
The ball python grabs you. The ball python constricts you. Menkaure hits you!
You die...

.# ######+##.........
.........!..##...####
............##...#..#
............#.......#
+#####.....##...#.......#
....##.....##...#.5.....#
.†..............#M.5....#
................hSh.....#
............#...#.....(##
#######.....############
##..#######.# ......# ###
......# ......# ......#
#######


You could see Menkaure, Natasha, 2 cerulean imps and a ball python.

Vanquished Creatures
  Sigmund (D:3)
  A hound (D:4)
  Jessica (D:2)
  4 adders
  3 orcs
  4 ball pythons
  8 bats
  3 endoplasms
  5 giant cockroaches
  7 goblins
  3 hobgoblins
  2 kobolds (D:1)
  3 quokkas
  A frilled lizard (D:3)
  7 rats
53 creatures vanquished.

Notes
Turn   | Place    | Note
-------+----------+-------------------------------------------
     0 | D:1      | Fodor the Minotaur Fighter began the quest for the Orb.
     0 | D:1      | Reached XP level 1. HP: 19/19 MP: 0/0
   150 | D:1      | Reached XP level 2. HP: 27/27 MP: 1/1
   488 | D:1      | Reached skill level 4 in Armour
   624 | D:1      | Found Gourgh's Assorted Antiques.
   795 | D:2      | Reached XP level 3. HP: 31/33 MP: 2/2
   856 | D:2      | Found a faded altar of an unknown god.
   945 | D:2      | Noticed Jessica
   949 | D:2      | Killed Jessica
  1052 | D:2      | Reached XP level 4. HP: 39/40 MP: 3/3
  1299 | D:2      | Reached skill level 1 in Dodging
  1908 | D:3      | Identified the +0 robe of the Learner {Rampage Regen+ Str+3
                  | Stlth-}
  2315 | D:3      | Noticed Sigmund
  2322 | D:3      | Killed Sigmund
  2323 | D:3      | Reached skill level 5 in Armour
  2323 | D:3      | Reached skill level 1 in Shapeshifting
  2323 | D:3      | Reached XP level 5. HP: 31/46 MP: 4/4
  2323 | D:3      | Reached XP level 6. HP: 35/52 MP: 5/5
  2439 | D:3      | Identified the +1 robe of Vawuuptee {Harm +Blink}
  2695 | D:4      | Noticed Natasha
  2695 | D:4      | Noticed Menkaure
  2703 | D:4      | Slain by Menkaure

Illustrated notes

Levels and vault maps discovered:
D:1:      roderic_lyre, layout_rooms, serial_shops, nicolae_shop_rolling_square,
          minmay_pentomino_o4
D:2:      minmay_recursive_quarters, layout_basic,
          dreamdust_ecumenical_altar_angels_and_demons, uniq_jessica
D:3:      layout_loops_corners, grunt_decor_cap, uniq_sigmund
D:4:      layout_gridville, uniq_blork_the_orc, uniq_natasha, uniq_menkaure

Skill      XL: |  1  2  3  4 |
---------------+-------------+-----
Shields        | 4 |  4.6
Armour         | 4 5 |  5.4
Axes           | 3 4 |  4.9
Dodging        | 1 |  1.3
Fighting       | 4 |  4.2
Shapeshifting  | 1 |  1.0
Stealth        | |  0.1

Action                     |  1- 3 |  4- 6 || total
---------------------------+-------+-------++-------
  Melee: War axe           |    54 |    44 ||    98
         Headbutt          |     6 |     7 ||    13
    Use: Potion            |       |     1 ||     1
 Armour: Scale mail        |    29 |       ||    29
         Chain mail        |    26 |    55 ||    81
  Dodge: Dodged            |    41 |    23 ||    64
  Block: Buckler           |    12 |    17 ||    29
   Form: Beast             |     1 |       ||     1

Table legend: (Time is in decaauts)
 A = Elapsed time spent in this place.
 B = Non-inter-level travel time spent in this place.
 C = Inter-level travel time spent in this place.
 D = Time resting spent in this place.
 E = Time spent auto-exploring this place.
 F = Levels seen in this place.
 G = Mean time per level.
                   A        B        C        D        E       F      G
               +--------+--------+--------+--------+--------+-----+--------+
         Total |   2738 |   2369 |    369 |    153 |      0 |   4 |  684.5 |
       Dungeon |   2738 |   2369 |    369 |    153 |      0 |   4 |  684.5 |
               +--------+--------+--------+--------+--------+-----+--------+

Top non-repeatable levels by time:
     D:3: 945 daAuts
     D:2: 890 daAuts
     D:1: 786 daAuts
     D:4: 116 daAuts
